 Dungeon Crawl Stone Soup version 0.21-a0-524-g614d7e5 (webtiles) character file.

176 Spazmo the Conjurer (level 5, 0/28 HPs)
             Began as a Deep Elf Conjurer on Dec 6, 2017.
             Slain by an orc wizard
             ... wielding a +0 dagger
              (2 damage)
             ... on level 3 of the Dungeon.
             The game lasted 00:05:45 (2056 turns).

Spazmo the Conjurer (Deep Elf Conjurer)             Turns: 2056, Time: 00:05:46

Health: 0/28       AC:  5    Str:  5    XL:     5   Next: 30%
Magic:  3/14       EV: 19    Int: 26    God:
Gold:   148        SH:  0    Dex: 20    Spells: 3/14 levels left

rFire    . . .     SeeInvis .   r - +2 quarterstaff (chaos)
rCold    . . .     Gourm    .   (shield currently unavailable)
rNeg     . . .     Faith    .   a - +0 robe
rPois    .         Spirit   .   (no helmet)
rElec    .         Reflect  .   s - +1 cloak
rCorr    .         Harm     .   p - +0 pair of gloves
MR       .....                  (no boots)
Stlth    ++........             (no amulet)
HPRegen  0.09/turn              (no ring)
MPRegen  0.14/turn              (no ring)

@: confused, brilliant, agile
A: no striking features
a: no special abilities


You were on level 3 of the Dungeon.
You were not hungry.

You visited 1 branch of the dungeon, and saw 3 of its levels.

You collected 148 gold pieces.

Inventory:

Hand Weapons
 l - a +0 short sword
 r - a +2 quarterstaff of chaos (weapon)
Missiles
 d - 123 stones (quivered)
Armour
 a - a +0 robe (worn)
 p - a +0 pair of gloves (worn)
 s - a +1 cloak (worn)
Magical Staves
 o - an uncursed staff of fire
Jewellery
 j - an uncursed ring of ice
Scrolls
 e - 2 scrolls of teleportation
 i - 3 scrolls of identify
 k - 4 scrolls of remove curse
Potions
 n - a potion of brilliance
Books
 b - a book of Conjurations

   Spells                             Type                      Level
   a - Magic Dart                     Conjuration                  1
   b - Searing Ray                    Conjuration                  2
   c - Dazzling Spray                 Conjuration/Hexes            3
   d - Fulminant Prism                Conjuration/Hexes            4
   e - Force Lance                    Conjuration/Translocation    4
   f - Iskenderun's Mystic Blast      Conjuration                  4
Comestibles
 c - 3 bread rations
 f - a royal jelly
 h - 4 meat rations


   Skills:
 - Level 3.0 Dodging
 - Level 3.0 Stealth
 + Level 5.3 Spellcasting
 + Level 5.8 Conjurations


You had 3 spell levels left.
You knew the following spells:

 Your Spells              Type           Power        Failure   Level  Hunger
a - Magic Dart            Conj           ####         1%          1    None
b - Searing Ray           Conj           ######       1%          2    None
c - Force Lance           Conj/Tloc      #####...     2%          4    ###....
d - Iskenderun's Mystic   Conj           ######..     1%          4    ###....


Dungeon Overview and Level Annotations

Branches:
Dungeon (3/15)

Altars:
Cheibriados
Okawaru


Message History

Confirm with . or Enter, or press ? or * to list all spells.
Aiming: Magic Dart
Press: ? - help, Shift-Dir - straight line The magic dart hits something.
You hear some strange, mumbled words.
You are confused.
You bump into the rock wall.
Something hits you.
* * * LOW HITPOINT WARNING * * *
Okay, then.
You feel agile all of a sudden. Something closely misses you.
You barely miss something.
You hear some strange, mumbled words.
A puff of flame appears from out of thin air!
The puff of flame hits you!
* * * LOW HITPOINT WARNING * * *
Something hits you but does no damage.
You barely miss something. Something hits you but does no damage.
You're too confused to move!
Something hits you.
You die...

.....# #.....# #.#
#.##.## # #.####
.......##.###.....# #
...####
........#.##...#..#######
......+
........+................
...####
o...o...#.##...#..#######
#.## .......#).........#
# #.# #..o(.##)#######..#
# #.# ##..o# #{# #..# #
..# ##+# #@# #..# # ..#
#.# #.# #..# # .## #.#
#.# #.## # ## ##.## #.#
#.# ## #
##...###.#######.# #. #
#.....##.........# #. #
######...#######.##### #.
#####................# #.
......#####.##########


There were no monsters in sight!

Vanquished Creatures
  2 orc wizards (D:3)
  Crazy Yiuf (D:2)
  2 adders
  5 dart slugs
  A leopard gecko (D:3)
  9 orcs (D:3)
  5 giant cockroaches (D:1)
  2 goblins
  3 hobgoblins
  7 kobolds
  A ball python (D:1)
  7 bats
  6 frilled lizards
  6 rats
57 creatures vanquished.

Notes
Turn   | Place    | Note
-------+----------+-------------------------------------------
     0 | D:1      | Spazmo the Deep Elf Conjurer began the quest for the Orb.
     0 | D:1      | Reached XP level 1. HP: 10/10 MP: 6/6
   193 | D:1      | Reached XP level 2. HP: 15/15 MP: 1/8
   197 | D:1      | Learned a level 2 spell: Searing Ray
   604 | D:1      | Reached XP level 3. HP: 14/19 MP: 5/10
  1000 | D:2      | Found a snail-covered altar of Cheibriados.
  1227 | D:2      | Found a runed door.
  1231 | D:2      | Noticed Crazy Yiuf
  1235 | D:2      | Killed Crazy Yiuf
  1235 | D:2      | Reached skill level 5 in Conjurations
  1235 | D:2      | Reached XP level 4. HP: 24/24 MP: 7/12
  1736 | D:3      | Found an iron altar of Okawaru.
  1920 | D:3      | Reached skill level 5 in Spellcasting
  1920 | D:3      | Reached XP level 5. HP: 28/28 MP: 9/14
  1926 | D:3      | Learned a level 4 spell: Force Lance
  1931 | D:3      | Learned a level 4 spell: Iskenderun's Mystic Blast
  2056 | D:3      | Slain by an orc wizard

Vault maps used:
D:1:      minmay_arrival_nine_rooms
D:2:      kennysheep_slug_shrine, first_bread, uniq_crazy_yiuf_cottage
D:3:      okawaru_metal_pillars_3, serial_bayou_lake_a

Skill      XL: |  1  2  3  4 |
---------------+-------------+-----
Stealth        | 3 |  3.0
Dodging        | 3 |  3.0
Spellcasting   | 4 5 |  5.3
Conjurations   | 5 |  5.8

Action                   |  1- 3 |  4- 6 || total
-------------------------+-------+-------++-------
Melee: Quarterstaff      |       |     3 ||     3
 Cast: Magic Dart        |    61 |    51 ||   112
       Searing Ray       |     1 |       ||     1
  Use: Scroll            |       |     5 ||     5
       Potion            |       |     2 ||     2
  Eat: Chunk             |     1 |     2 ||     3
Armor: Robe              |     3 |     4 ||     7
Dodge: Dodged            |     6 |     7 ||    13

Table legend:
 A = Spawn XP
 B = Non-spawn XP
 C = Spawn XP percentage of total XP
 D = Spawn monster count
 E = Non-spawn monster count
 F = Spawn count percentage of total count
 G = Total turns spent on level
                    A         B        C        D         E        F      G
               +---------+---------+-------+---------+---------+-------+---------
         Total |       0 |     252 |   0.0 |       0 |      57 |   0.0 |  2056
               +---------+---------+-------+---------+---------+-------+---------
           D:1 |       0 |      45 |   0.0 |       0 |      25 |   0.0 |   817
           D:2 |       0 |      71 |   0.0 |       0 |      13 |   0.0 |   721
           D:3 |       0 |     136 |   0.0 |       0 |      19 |   0.0 |   518
               +---------+---------+-------+---------+---------+-------+---------
